 Dungeon Crawl Stone Soup version 0.25-b1-37-g2669288c55 (webtiles) character file.

Game seed: 2986969729462585284

196 Chiseanne the Magician (level 5, -9/35 HPs)
             Began as a Demonspawn Wizard on June 6, 2020.
             Killed by divine providence
             ... invoked by an orc priest
              (14 damage)
             ... on level 3 of the Dungeon.
             The game lasted 00:10:50 (3755 turns).

Chiseanne the Magician (Demonspawn Wizard)          Turns: 3755, Time: 00:10:51

Health: -9/35      AC:  6    Str:  7    XL:     5   Next: 46%
Magic:  11/11      EV: 12    Int: 20    God:
Gold:   127        SH:  0    Dex: 12    Spells: 7/13 levels left

rFire    . . .     SeeInvis .   a - +0 rapier
rCold    . . .     Gourm    .   (no shield)
rNeg     . . .     Faith    .   j - +0 robe
rPois    .         Spirit   .   g - +0 helmet
rElec    .         Reflect  .   h - +0 cloak
rCorr    .         Harm     .   (no gloves)
MR       .....                  (no boots)
Stlth    ++........             q - amulet of regeneration (curse)
HPRegen  0.51/turn              (no ring)
MPRegen  0.12/turn              (no ring)

@: very slightly contaminated
A: talons 1, iridescent scales 1, powered by pain 1, rot immunity
a: no special abilities


You were on level 3 of the Dungeon.
You were hungry.

You visited 1 branch of the dungeon, and saw 4 of its levels.

You collected 127 gold pieces.

Inventory:

Hand Weapons
 a - a +0 rapier (weapon)
 s - a +1 dagger
Missiles
 f - 27 poisoned darts (quivered)
 l - 20 sling bullets
 o - 30 bolts
Armour
 g - a +0 helmet (worn)
 h - a +0 cloak (worn)
 j - a +0 robe (worn)
Jewellery
 q - a cursed amulet of regeneration (around neck)
Scrolls
 e - 3 scrolls of immolation
 k - a scroll of remove curse
 r - a scroll of fear
 t - a scroll of identify
Potions
 b - a potion of haste
 c - 2 potions of ambrosia
 i - a potion of lignification
 m - a potion of stabbing
 n - a potion of magic
Comestibles
 d - 7 rations


   Skills:
 - Level 1.7 Dodging
 - Level 1.7 Stealth
 * Level 4.6 Spellcasting
 * Level 3.8 Conjurations
   Level 1.0 Summonings
 - Level 0.8 Translocations


You had 7 spell levels left.
You knew the following spells:

 Your Spells              Type           Power        Failure   Level  Hunger
a - Magic Dart            Conj           ###.         2%          1    None
b - Blink                 Tloc           N/A          13%         2    #......
d - Mephitic Cloud        Conj/Pois/Air  #.......     22%         3    ##.....

Your spell library contained the following spells:

 Spells                   Type           Power        Failure   Level  Hunger
 Call Imp                 Summ           #.......     12%         2    #......
 Conjure Flame            Conj/Fire      ##......     16%         3    ##.....
 Slow                     Hex            #.......     19%         2    #......


Dungeon Overview and Level Annotations

Branches:
Dungeon (4/15)
 Temple: D:4-7

Altars:
Xom


Innate Abilities, Weirdness & Mutations

You have sharp toenails.
You are partially covered in iridescent scales. (AC +2)
You sometimes gain a little power by taking damage.
You are immune to rotting.


Message History

You kill the bat!
The orc priest seems less confused.
You feel sick.
You are no longer poisoned.
The orc priest invokes the aid of Beogh against you.
Beogh smites you!
Unknown command.
The orc priest calls down the wrath of Beogh upon you.
Beogh smites you!
* * * LOW HITPOINT WARNING * * *
You feel better.
The orc priest invokes the aid of Beogh against you.
Beogh smites you!
* * * LOW HITPOINT WARNING * * *
You focus on the pain.
You feel your power returning. The orc barely misses you.
The orc priest looks more healthy.
The orc priest calls down the wrath of Beogh upon you.
Beogh smites you!
You die...

#.#...# # ........#
#.#.# .#. ##.##..#.##
#.#.# #.# #.##......
#.#.###.#####.##......
###.............##.[#.##
#...........# ####..#.#.
#.###.##.).<### #..#..#
## #.##.#..#.####..#.##
#..@.#..(.....รท..##
##.####.....##....##
#o..#......##.#...#
#.#.#..#.#.##.#..#.
#.#....###.##......
#.#.##.# #.####.###
#o#.##.# #.# ...
#.#.##.< #.# #.# #.#.###
<# #..


You could see an orc priest and an orc.

Vanquished Creatures
  A howler monkey (D:4)
  An iguana (D:4)
  Robin (D:1)
  2 adders (D:3)
  An ooze (D:1)
  A worm (D:2)
  A dart slug (D:3)
  2 leopard geckos
  8 orcs
  4 ball pythons
  7 bats
  A giant cockroach (D:1)
  15 goblins
  11 hobgoblins
  A jackal (D:1)
  9 kobolds
  3 frilled lizards
  A quokka skeleton (D:4)
  7 rats
77 creatures vanquished.

Notes
Turn   | Place    | Note
-------+----------+-------------------------------------------
     0 | D:1      | Chiseanne the Demonspawn Wizard began the quest for the
                  | Orb.
     0 | D:1      | Reached XP level 1. HP: 13/13 MP: 4/4
   369 | D:1      | Gained mutation: You are immune to rotting. [demonic
                  | ancestry]
   369 | D:1      | Reached XP level 2. HP: 19/19 MP: 4/6
   905 | D:1      | Learned a level 2 spell: Blink
  1221 | D:1      | Gained mutation: You are partially covered in iridescent
                  | scales. (AC +2) [demonic ancestry]
  1221 | D:1      | Reached XP level 3. HP: 24/24 MP: 6/8
  1635 | D:2      | Noticed Robin
  1883 | D:1      | Learned a level 3 spell: Mephitic Cloud
  2077 | D:1      | Killed Robin
  2617 | D:2      | Gained mutation: You have sharp toenails. [demonic
                  | ancestry]
  2617 | D:2      | Reached XP level 4. HP: 30/30 MP: 7/9
  2679 | D:2      | Found a shimmering altar of Xom.
  2783 | D:2      | Reached skill level 4 in Spellcasting
  3370 | D:4      | Gained mutation: You sometimes gain a little power by
                  | taking damage. [demonic ancestry]
  3370 | D:4      | Reached XP level 5. HP: 35/35 MP: 7/11
  3755 | D:3      | Killed from afar by an orc priest

Illustrated notes

Levels and vault maps discovered:
D:1:      tarquinn_simple_flora_water_f, layout_loops_corners,
          minmay_tetromino_i2
D:2:      layout_rooms, tgw_xom, mrwooster_statue_mirror, grunt_ministairs_9,
          uniq_robin
D:3:      layout_loops_ring, minmay_lizard_king
D:4:      layout_cave_pools, first_ration

Skill      XL: |  1  2  3  4 |
---------------+-------------+-----
Conjurations   | 2 3 |  3.8
Spellcasting   | 4 |  4.6
Dodging        | |  1.7
Stealth        | |  1.7
Summonings     | |  1.0
Translocations | |  0.8

Action                   |  1- 3 |  4- 6 || total
-------------------------+-------+-------++-------
Melee: Spear             |    19 |     1 ||    20
       Dagger            |     4 |    50 ||    54
       Kick              |       |    14 ||    14
Throw: Dart              |       |    23 ||    23
 Cast: Magic Dart        |   119 |    67 ||   186
       Mephitic Cloud    |       |     3 ||     3
  Use: Scroll            |     5 |     7 ||    12
       Potion            |     1 |     3 ||     4
 Stab: Confused          |       |     2 ||     2
  Eat: Chunk             |     5 |     3 ||     8
Armor: Robe              |    13 |    26 ||    39
Dodge: Dodged            |    49 |    61 ||   110
